Mecha, neutral female human Wizard -------------- -------- #.........)....#########################|...`...##########----- #|............| ##-......| #-...| #|............. ##|..|...| |...| #|............| ####-------- ########....| #-----|-------- # ## # ----- # # ### ### # # # # ### # # # ### # ### --------------# # # #|............|# -----# ----.--- #|>h@.........|# |....# |<......######.)............# |...| |......| #|...^...f....| |)...###` |.......######-------------- ----- -------- Mecha the Evoker Experience level: 2 Strength: 16 Dexterity: 12 Constitution: 12 Intelligence: 18 Wisdom: 14 Charisma: 7 Health: 0(21) Energy: 20(20) Def: 2 Gold: 226 Moves: 936 Dungeon seed: vE8fF7fQBNk3FGQD Game ID: Mecha_1478420674 Your Inventory: Coins $ - 226 gold pieces Weapons q - a +0 orcish dagger (weapon in hand) r - 8 +0 darts (in quiver) Armor e - an uncursed +0 cloak of magic resistance (being worn) n - an uncursed +0 orcish helm (being worn) Comestibles o - an uncursed fortune cookie s - an uncursed food ration v - an uncursed tripe ration Scrolls i - a blessed scroll of enchant weapon j - a blessed scroll of create monster k - an uncursed scroll of create monster t - an uncursed scroll of light u - an uncursed scroll of remove curse Spellbooks l - a blessed spellbook of force bolt m - an uncursed spellbook of extra healing x - an uncursed spellbook of cure blindness Potions f - a blessed potion of see invisible g - an uncursed potion of paralysis h - an uncursed potion of gain level p - a cursed potion of see invisible Rings c - an uncursed ring of polymorph control (on left hand) d - an uncursed ring of conflict Wands b - a wand of undead turning (0:6) Tools w - an uncursed credit card Spells and supernatural/magical abilities: Name Level Category Fail Memory a - force bolt 1 attack 0% 96% x - extra healing 3 healing 97% 96% B - cure blindness 2 healing 74% 100% W - pray for help -- divine ? -- Your skills at the end: Fighting Skills Weapon Skills quarterstaff [Basic] Spellcasting Skills attack spells [Basic] enchantment spells [Basic] Final Attributes: You were nominally aligned. You were magic-protected. You had polymorph control. You are dead. Vanquished creatures: a gnome zombie a gecko 4 jackals 3 foxes a goblin 3 grid bugs 3 lichens 4 newts 20 creatures vanquished. Voluntary challenges: You were an atheist. You used a wielded weapon 26 times, starting on turn 41. You read items or engraved 2 times, starting on turn 795. You never genocided any monsters. You never polymorphed an object. You never changed form. You used no wishes. You never split a pudding. You never wrote Elbereth's name. You never violated your personal moral code. Dungeon overview: The Dungeons of Doom: levels 1 to 2 Level 1 a long staircase Level 2 <- You were here History has recorded: On T:1 you entered the Dungeons of Doom to retrieve the Amulet of Yendor! On T:430 you advanced to experience level 2. On T:562 you reached level 2 of The Dungeons of Doom. Score breakdown: Gold: 226 ( 8014 points) Experience: 2 levels ( 5570 points) Exploration: 2 levels ( 3.85%) ( 4200 points) Discoveries: 1 item ( 0.35%) ( 1767 points) Valuables value: (no points given unless you survive) Artifact value: 0 ( 0 points) Variety of kills: 8 monsters ( 2.10%) ( 4347 points) Turncount: 936 turns ( 0 points) Survival: died (score multiplied by 80%) Total score: 19118 Latest messages: You kill the gecko! You stop running. (2x) The grid bug bites! You miss the grid bug. The grid bug bites! You kill the grid bug! You hit the grid bug. You kill the grid bug! The dart misses the hobbit. The hobbit wields a runed dagger! You miss the hobbit. The hobbit thrusts her runed dagger. The hobbit hits! You miss the hobbit. You hit the hobbit. The hobbit thrusts her runed dagger. The hobbit hits! You miss the hobbit. The hobbit thrusts her runed dagger. The hobbit hits! You miss the hobbit. The hobbit thrusts her runed dagger. The hobbit hits! You die... Final status: Goodbye Mecha the Wizard, killed by a hobbit... You died in The Dungeons of Doom on dungeon level 2 with 19118 points, and 226 pieces of gold, after 936 moves. You were level 2 with a maximum of 21 hit points when you died.